 Dungeon Crawl Stone Soup version 0.24.1-8-ga250c9d538 (webtiles) character file.

Game seed: 18067565910682680533, levelgen mode: deterministic

121 Hugehornet the Changer (level 5, -5/33 HPs)
             Began as an Octopode Transmuter on May 2, 2020.
             Slain by a gnoll
             ... wielding a +0 spear
              (8 damage)
             ... on level 2 of the Dungeon.
             The game lasted 00:04:12 (2449 turns).

Hugehornet the Changer (Octopode Transmuter)        Turns: 2449, Time: 00:04:13

Health: -5/33      AC:  1    Str:  8 (10) XL:     5   Next: 5%
Magic:  6/8        EV: 13    Int: 15 (16) God:
Gold:   75         SH:  0    Dex: 10 (12) Spells: 2/8 levels left

rFire    + . .     SeeInvis .     - Unarmed
rCold    . . .     Gourm    .   (no shield)
rNeg     . . .     Faith    .   (helmet restricted)
rPois    .         Spirit   .   (no amulet)
rElec    .         Reflect  .   d - ring of flight
rCorr    .         Harm     .   e - ring of protection from fire
MR       .....                  (no ring)
Stlth    ++........             (no ring)
HPRegen  0.11/turn              (no ring)
MPRegen  0.11/turn              (no ring)
                                (no ring)
                                (no ring)

@: no status effects
A: almost no armour, stealthy swim, amphibious, 8 rings, constrict 8, camouflage
1, gelatinous body 1
a: Evoke Flight


You were on level 2 of the Dungeon.
You were not hungry.

You visited 1 branch of the dungeon, and saw 2 of its levels.

You collected 75 gold pieces.

Inventory:

Missiles
 a - 47 arrows
Jewellery
 d - a ring of flight (left tentacle)
 e - a ring of protection from fire (right tentacle)
Scrolls
 b - a scroll of teleportation
 g - a scroll of remove curse {unknown}
 h - 2 scrolls of identify {unknown}
 i - a scroll of magic mapping {unknown}
 j - 2 scrolls of noise {unknown}
 k - a scroll of enchant weapon {unknown}
Comestibles
 c - 4 rations
 f - 2 chunks of flesh


   Skills:
 - Level 1.0 Fighting
 - Level 2.0 Dodging
 - Level 3.0 Unarmed Combat
 - Level 2.0 Spellcasting
 * Level 4.6 Transmutations
 - Level 2.0 Poison Magic


You had 2 spell levels left.
You knew the following spells:

 Your Spells              Type           Power        Failure   Level  Hunger
a - Beastly Appendage     Tmut           ###...       3%          1    #......
b - Sticks to Snakes      Tmut           ###.....     4%          2    ###....
c - Spider Form           Tmut/Pois      ##........   17%         3    ###....

Your spell library contained the following spells:

 Spells                   Type           Power        Failure   Level  Hunger
 Ice Form                 Ice/Tmut       #.......     63%         4    #####..
 Blade Hands              Tmut           ###.......   65%         5    ######.


Dungeon Overview and Level Annotations

Branches:
Dungeon (2/15)

Altars:


Innate Abilities, Weirdness & Mutations

You cannot wear most types of armour.
You are very stealthy in the water. (Stealth+)
You are amphibious.
You can wear up to eight rings at the same time.
You can use your tentacles to constrict eight enemies at once.
Your skin changes colour to match your surroundings (Stealth+).
Your rubbery body absorbs attacks. (AC +1, EV +1)


Message History

* * * LOW HITPOINT WARNING * * *
You hit the gnoll but do no damage.
The gnoll looks as sick as possible!
The gnoll is severely wounded.
You kill the gnoll!
You feel your strength returning.
Training target 2.0 for Poison Magic reached!
Your Poison Magic skill increases to level 2!
You have reached level 5!
You feel stronger.
The gnoll hits you from afar with a +0 spear.
* * * LOW HITPOINT WARNING * * *
The gnoll hits you but does no damage.
You closely miss the gnoll.
Your transformation has ended.
The gnoll hits you with a +0 spear.
* * * LOW HITPOINT WARNING * * *
You tentacle-slap the gnoll. You grab the gnoll.
The gnoll is moderately wounded.
You constrict the gnoll. The gnoll hits you with a +0 spear!
You die...

.##.######## #..#....#.#
.)..).....####..#....#.#
.#.........(.....).....#
.##..####...###..#.##..######
....####....................g
##.####....####...........#
...###....####..##.#..#####
.......#.......###....#
....##...##.....@gg..##
...###.#.#..#######..#
...#..............#..#####
......###≈..≈###.........#
.....#...#≈≈#...#........#
.....#.⌠.#≈≈#.⌠.#........#
..#..#...#≈≈#...#........#
.###..###≈≈≈≈###.........# ##
#....≈≈≈≈≈≈.....††....#


You could see a gnoll and a hobgoblin.

Vanquished Creatures
  Robin (D:2)
  2 gnolls (D:2)
  2 adders (D:2)
  An ooze (D:2)
  2 worms (D:2)
  3 dart slugs (D:1)
  A leopard gecko (D:1)
  3 giant cockroaches
  8 goblins (D:2)
  8 hobgoblins
  4 jackals
  6 kobolds
  A quokka (D:2)
  3 bats
  A frilled lizard (D:1)
  11 rats
57 creatures vanquished.

Notes
Turn   | Place    | Note
-------+----------+-------------------------------------------
     0 | D:1      | Hugehornet the Octopode Transmuter began the quest for the
                  | Orb.
     0 | D:1      | Reached XP level 1. HP: 13/13 MP: 3/3
   206 | D:1      | Reached XP level 2. HP: 15/18 MP: 1/5
   324 | D:1      | Reached skill level 3 in Transmutations
   580 | D:1      | Reached XP level 3. HP: 18/23 MP: 4/6
  1130 | D:1      | Learned a level 2 spell: Sticks to Snakes
  1134 | D:1      | Learned a level 3 spell: Spider Form
  1643 | D:2      | Reached skill level 4 in Transmutations
  1648 | D:2      | Reached skill level 1 in Poison Magic
  1648 | D:2      | Reached XP level 4. HP: 15/28 MP: 0/7
  2032 | D:2      | Noticed Robin
  2049 | D:2      | Killed Robin
  2446 | D:2      | Reached XP level 5. HP: 9/33 MP: 5/8
  2449 | D:2      | Slain by a gnoll

Levels and vault maps discovered:
D:1:      giann_forest_graveyard, layout_basic, chequers_serial_rivers_small_3
D:2:      layout_rooms, fountainhead, uniq_robin

Skill      XL: |  1  2  3  4 |
---------------+-------------+-----
Transmutations | 3 4 |  4.6
Poison Magic   | 1 2 |  2.0
Fighting       | |  1.0
Dodging        | |  2.0
Unarmed Combat | |  3.0
Spellcasting   | |  2.0

Action                   |  1- 3 |  4- 6 || total
-------------------------+-------+-------++-------
Melee: Unarmed           |    71 |    60 ||   131
       Constrict         |    24 |     8 ||    32
       Tentacles         |    16 |     3 ||    19
       Kick              |    20 |     8 ||    28
       Punch             |     2 |       ||     2
 Cast: Beastly Appendage |    19 |     7 ||    26
       Spider Form       |     1 |     3 ||     4
  Use: Scroll            |     1 |       ||     1
       Potion            |       |     1 ||     1
 Stab: Sleeping          |     4 |     1 ||     5
  Eat: Chunk             |     2 |     4 ||     6
Armor: Skin              |     3 |     5 ||     8
Dodge: Dodged            |    40 |    54 ||    94
